 Dungeon Crawl Stone Soup version 0.30.1-11-g7821555f0a (webtiles) character file.

Game seed: 2427811109456623333

2438 Glitchless the Grappler (level 9, -1/84 HPs)
             Began as a Troll Berserker on Dec 5, 2023.
             Was an Elder of Trog.
             Slain by a gnoll
             ... wielding a +0 whip
             ... led by a gnoll sergeant
              (6 damage)
             ... on level 6 of the Dungeon.
             The game lasted 00:17:50 (4588 turns).

Glitchless the Grappler (Troll Berserker)           Turns: 4588, Time: 00:17:51

Health: -1/84      AC:  5    Str: 27    XL:     9   Next: 25%
Magic:  8/8        EV: 11    Int:  3    God:    Trog [****..]
Gold:   294        SH:  0    Dex: 13    Spells: 8/8 levels left

rFire   . .          .
                       - Unarmed
rCold   . . .        (no shield)
rNeg    . . .        a - +0 animal skin
rPois   .            (helmet restricted)
rElec   .            q - +0 cloak
rCorr   .            (gloves unavailable)
SInv    .            (boots unavailable)
Will    .....        c - amulet of regeneration
Stlth   +            (no ring)
HPRegen 1.94/turn    (no ring)
MPRegen 0.11/turn

%: no passive effects
@: no status effects
A: large, unfitting armour, claws 3, regeneration 1, shaggy fur 1, tough skin 1
a: Renounce Religion, Berserk, Trog's Hand, Brothers in Arms


You were on level 6 of the Dungeon.
You worshipped Trog.
Trog was greatly pleased with you.
You visited 1 branch of the dungeon, and saw 6 of its levels.
You also visited: Sewer.

You collected 294 gold pieces.

Inventory:

Hand Weapons
 h - a +0 sling
 s - a +1 dagger of flaming
 F - a +0 flail
Missiles
 d - 20 poisoned darts (quivered)
 e - 81 stones
 y - 7 curare-tipped darts
 G - 4 atropa-tipped darts
Armour
 a - a +0 animal skin (worn)
 q - a +0 cloak (worn)
Jewellery
 c - an amulet of regeneration (around neck)
 H - an amulet of reflection
Scrolls
 b - 5 scrolls of identify {unknown}
 f - 3 scrolls of fog {unknown}
 i - 2 scrolls of vulnerability {unknown}
 l - a scroll of brand weapon {unknown}
 m - a scroll of noise {unknown}
 n - a scroll of torment {unknown}
 p - 3 scrolls of teleportation {unknown}
 t - 2 scrolls of immolation {unknown}
 u - 3 scrolls of summoning {unknown}
 w - 2 scrolls of fear {unknown}
 B - a scroll of amnesia {unknown}
 E - a scroll of enchant weapon {unknown}
 I - a scroll of magic mapping {unknown}
 J - a scroll of silence {unknown}
 L - a scroll of poison {unknown}
Potions
 g - 2 potions of degeneration {unknown}
 j - a potion of ambrosia {unknown}
 k - 3 potions of brilliance {unknown}
 o - 4 potions of haste {unknown}
 r - a potion of mutation {unknown}
 v - 3 potions of magic {unknown}
 x - a potion of attraction {unknown}
 z - 3 potions of heal wounds {unknown}
 A - a potion of invisibility {unknown}
 C - 2 potions of curing {unknown}
 D - a potion of berserk rage {unknown}
 K - a potion of cancellation {unknown}


   Skills:
 * Level 4.3 Fighting
 * Level 3.3 Throwing
 * Level 3.1 Armour
 * Level 5.4 Dodging
 * Level 9.0 Unarmed Combat
 + Level 0.1 Evocations


You had 8 spell levels left.
You didn't know any spells.
Your spell library contained the following spells:

 Spells                   Type           Power      Damage    Failure   Level
 Kiss of Death            Conj/Necr      0%         2d5       52%         1
 Summon Small Mammal      Summ           0%         N/A       52%         1
 Call Canine Familiar     Summ           0%         N/A       88%         3
 Confusing Touch          Hex            0%         N/A       88%         3
 Portal Projectile        Hex/Tloc       0%         N/A       88%         3
 Summon Guardian Golem    Hex/Summ       0%         N/A       88%         3
 Tukima's Dance           Hex            0%         N/A       88%         3
 Dispel Undead            Necr           0%         3d6       99%         4
 Blade Hands              Tmut           0%         N/A       100%        5
 Borgnjor's Revivificati  Necr           0%         N/A       100%        8
 Necromutation            Tmut/Necr      0%         N/A       100%        8
 Death's Door             Necr           0%         N/A       100%        9


Dungeon Overview and Level Annotations

Branches:
Dungeon (6/15)              Sewer (visited)
 Temple: D:4-7

Altars:
Hepliaklqana
Makhleb
Trog
Vehumet
Zin

Shops:
D:3 :


Innate Abilities, Weirdness & Mutations

You are too large for most types of armour.
You have claws for hands.
Your natural rate of healing is unusually fast.
You are covered in fur. (AC +1)
You have tough skin. (AC +1)


Message History

You mangle the gnoll!!
You kill the gnoll!
Trog accepts your kill.
The gnoll hits you from afar with a +0 halberd.
The gnoll hits you with a +0 whip.
The ogre hits you with a +0 giant club!!
The gnoll hits you with a +0 club. The gnoll barely misses you.
Things that are here:
a +0 club; a scroll labelled YLUODU PUROSA You claw the gnoll!
The gnoll is severely wounded.
The gnoll hits you with a +0 club. The gnoll closely misses you.
The gnoll barely misses you. The ogre barely misses you.
The gnoll hits you but does no damage. The gnoll attacks as you move away!
The gnoll hits you with a +0 club. The gnoll attacks as you move away!
The gnoll hits you with a +0 whip. The gnoll misses you.
The gnoll attacks as you move away! The gnoll hits you with a +0 club.
The gnoll attacks as you move away! The gnoll hits you with a +0 whip.
You scratch the gnoll but do no damage. You claw the gnoll!
The gnoll is almost dead.
The gnoll hits you with a +0 club.
You claw the gnoll!
You kill the gnoll!
Trog accepts your kill. The gnoll hits you with a +0 whip.
The gnoll misses you.
You scratch the ogre but do no damage. The gnoll completely misses you.
The gnoll barely misses you. The ogre barely misses you.
You mangle the ogre!! Your claw misses the ogre.
The ogre is severely wounded.
You barely miss the ogre.
The ogre is severely wounded.
The gnoll hits you with a +0 whip. The gnoll closely misses you.
The ogre hits you with a +0 giant club!!
* * * LOW HITPOINT WARNING * * *
The gnoll attacks as you move away! The gnoll hits you with a +0 whip!
* * * LOW HITPOINT WARNING * * *
The gnoll attacks as you move away! The gnoll misses you.
The gnoll attacks as you move away! The gnoll hits you with a +0 whip.
You die...

#.......>............##..........
'....................####........
#......................#.........
#.........#.......##....[...#...#
#.....<..###.....###......###...#
#......)..##...........>...##....
........)....).......#...##)).##.
.......).....#Og.#..##....))..##.
.............###@#.........######
..............##...........# #
..........##................ #
.#.........#.....$........... ##
.#.................#.........# #.
.#.....#.....<....###.......## ##
............................# #
........##.#...##..##.#...###
........#..##..# .#


You could see an ogre and a gnoll.

Vanquished Creatures
  Grinder (D:6)
  Eustachio (D:6)
  A steam dragon (D:6)
  Menkaure (D:6)
  A water moccasin (D:4)
  A black bear (D:5)
  2 ogres (D:6)
  2 centaurs (D:5)
  A phantom (D:6)
  2 kobold brigands (Sewer)
  A gnoll sergeant (D:6)
  4 scorpions
  5 orc priests
  2 jellies (D:4)
  2 hounds
  3 iguanas
  4 orc wizards
  2 sleepcaps (D:5)
  5 adders
  10 gnolls
  A river rat (D:6)
  An ufetubus (D:5)
  2 worms
  4 dart slugs
  20 orcs
  9 bats
  3 endoplasms
  5 giant cockroaches
  9 goblins
  3 hobgoblins
  6 jackals
  7 quokkas
  8 ball pythons
  3 frilled lizards
  22 kobolds
  12 rats
166 creatures vanquished.

Vanquished Creatures (others)
  An orc wizard (D:5)
1 creature vanquished.

Grand Total: 167 creatures vanquished

Notes
Turn   | Place    | Note
-------+----------+-------------------------------------------
     0 | D:1      | Glitchless the Troll Berserker began the quest for the Orb.
     0 | D:1      | Reached XP level 1. HP: 22/22 MP: 0/0
   163 | D:1      | Reached XP level 2. HP: 29/29 MP: 1/1
   702 | D:2      | Reached XP level 3. HP: 36/36 MP: 2/2
   879 | D:2      | Found a burning altar of Makhleb.
  1063 | D:2      | Reached ** piety under Trog
  1067 | D:2      | Reached skill level 4 in Unarmed Combat
  1067 | D:2      | Reached XP level 4. HP: 41/44 MP: 3/3
  1679 | D:3      | Found Ireukeox's Vocational Training.
  2356 | D:4      | Reached XP level 5. HP: 52/52 MP: 4/4
  2469 | D:4      | Reached skill level 1 in Throwing
  2469 | D:4      | Reached skill level 5 in Unarmed Combat
  2474 | D:4      | Reached *** piety under Trog
  2551 | D:4      | Noticed a water moccasin
  2641 | D:4      | Killed a water moccasin
  2642 | D:4      | Reached skill level 1 in Armour
  2642 | D:4      | Reached XP level 6. HP: 59/61 MP: 5/5
  2825 | D:4      | Found a radiant altar of Vehumet.
  2903 | D:4      | Found a hazy altar of Hepliaklqana.
  3041 | D:5      | Entered Level 5 of the Dungeon
  3055 | D:5      | Found a bloodstained altar of Trog.
  3194 | D:5      | Reached XP level 7. HP: 67/67 MP: 6/6
  3373 | D:5      | Reached skill level 6 in Unarmed Combat
  3870 | D:6      | Reached XP level 8. HP: 32/78 MP: 7/7
  3878 | D:6      | Reached skill level 7 in Unarmed Combat
  3939 | D:6      | Found a glowing silver altar of Zin.
  3985 | D:6      | Noticed Grinder
  4000 | D:6      | Killed Grinder
  4023 | D:6      | Noticed Menkaure
  4031 | D:6      | Killed Menkaure
  4032 | D:6      | Reached skill level 8 in Unarmed Combat
  4059 | D:6      | Reached skill level 5 in Dodging
  4098 | D:6      | Found a glowing drain.
  4113 | Sewer    | Entered a sewer
  4151 | Sewer    | Reached **** piety under Trog
  4327 | Sewer    | Reached XP level 9. HP: 84/84 MP: 8/8
  4476 | D:6      | Noticed Eustachio
  4488 | D:6      | Killed Eustachio
  4572 | D:6      | Reached skill level 9 in Unarmed Combat
  4586 | D:6      | HP: 1/84 [gnoll/+0 whip[a gnoll sergeant] (8)]
  4588 | D:6      | Slain by a gnoll

Illustrated notes

Levels and vault maps discovered:
D:1:      tarquinn_simple_flora_water_a, layout_loops_ring
D:2:      layout_loops_corners, basic_altar, minmay_quantized
D:3:      layout_basic, grunt_decor_junction, nicolae_shop_vocational
D:4:      layout_loops_cross, nzn_hepliaklqana_mist_gate, kennysheep_mini
D:5:      layout_loops_ring, mainiacjoe_overflow_catwalk
D:6:      layout_cave_pools, zin_scriptorium, portal_sewer_entry_a,
          minmay_misc_feat_secret_circle, uniq_menkaure, uniq_eustachio,
          uniq_grinder

Skill      XL: |  1  2  3  4  5  6  7  8  9 |
---------------+----------------------------+-----
Dodging        | 3 4 5 |  5.4
Unarmed Combat | 4 5 6 8 9 |  9.0
Throwing       | 1 2 3 |  3.3
Fighting       | 3 4 |  4.3
Armour         | 1 2 3 |  3.1
Evocations     | |  0.1

Action                     |  1- 3 |  4- 6 |  7- 9 || total
---------------------------+-------+-------+-------++-------
  Melee: Unarmed           |   101 |   145 |   237 ||   483
         Punch             |     2 |     4 |     6 ||    12
  Throw: Dart              |       |     2 |     8 ||    10
 Invoke: Berserk           |       |     1 |       ||     1
         Trog's Hand       |       |     1 |       ||     1
  Evoke: Wand              |       |     4 |       ||     4
    Use: Potion            |       |       |     1 ||     1
   Stab: Sleeping          |       |     1 |       ||     1
 Armour: Animal skin       |    21 |    56 |    84 ||   161
  Dodge: Dodged            |    52 |    72 |   137 ||   261
